[ AOE2 MATCH · #469444980 ]
Team RMFranks vs Teutons
[ REPLAY ANALYSIS · EXTRACTED FROM THE RECORDED GAME ]
Feudal
10:31
Castle
15:19
Imperial
29:20
| APM avg | 18.9 |
| APM peak | 45 |
| eAPM avg | 16.1 |
| Villagers / military | 267 / 1523 |
Focus
⚔️ 40.3% · 🌾 59.7%
Scout Cavalry ×734 · Knight ×406 · Spearman ×140 · Skirmisher ×128 · Trade Cart ×84 · Throwing Axeman ×81
Feudal
11:04
Castle
20:38
Imperial
32:58
| APM avg | 30.9 |
| APM peak | 96 |
| eAPM avg | 18.2 |
| Villagers / military | 263 / 1028 |
Focus
⚔️ 39.3% · 🌾 60.7%
Spearman ×678 · Scorpion ×190 · Teutonic Knight ×75 · Trade Cart ×62 · Scout Cavalry ×40 · Bombard Cannon ×40
Feudal
10:33
Castle
14:35
Imperial
27:12
| APM avg | 47.6 |
| APM peak | 82 |
| eAPM avg | 29.2 |
| Villagers / military | 244 / 1422 |
Focus
⚔️ 37.5% · 🌾 62.5%
Spearman ×838 · Skirmisher ×229 · Genoese Crossbowman ×154 · Unknown (882) ×141 · Archer ×90 · Hand Cannoneer ×88
Feudal
10:31
Castle
14:01
Imperial
23:12
| APM avg | 61.4 |
| APM peak | 113 |
| eAPM avg | 38.2 |
| Villagers / military | 333 / 2085 |
Focus
⚔️ 66.3% · 🌾 33.7%
Spearman ×1155 · Scout Cavalry ×687 · Battle Elephant ×86 · Bombard Cannon ×65 · Trade Cart ×49 · Monk ×30
Feudal
11:03
Castle
16:14
Imperial
29:24
| APM avg | 38.4 |
| APM peak | 108 |
| eAPM avg | 29.7 |
| Villagers / military | 139 / 1997 |
Focus
⚔️ 75.2% · 🌾 24.8%
Scout Cavalry ×1046 · Camel Scout ×712 · Gbeto ×193 · Trade Cart ×41 · Petard ×20 · Trebuchet (Packed) ×19
Feudal
10:58
Castle
14:36
Imperial
28:59
| APM avg | 36.3 |
| APM peak | 101 |
| eAPM avg | 22.9 |
| Villagers / military | 196 / 2563 |
Focus
⚔️ 57.6% · 🌾 42.4%
Scout Cavalry ×1578 · Monaspa ×714 · Skirmisher ×182 · Trade Cart ×91 · Hand Cannoneer ×60 · Trebuchet (Packed) ×26
Feudal
9:11
Castle
21:17
Imperial
33:38
| APM avg | 32.4 |
| APM peak | 77 |
| eAPM avg | 23.4 |
| Villagers / military | 205 / 1843 |
Focus
⚔️ 48.0% · 🌾 52.0%
Spearman ×1351 · Knight ×191 · Militia ×136 · Unknown (882) ×119 · Scorpion ×114 · Trade Cart ×63
Feudal
11:48
Castle
15:22
Imperial
28:19
| APM avg | 32.5 |
| APM peak | 73 |
| eAPM avg | 22.2 |
| Villagers / military | 353 / 1512 |
Focus
⚔️ 39.5% · 🌾 60.5%
Scout Cavalry ×780 · Archer ×424 · Knight ×230 · Trade Cart ×94 · Obuch ×63 · Trebuchet (Packed) ×12
Match map
Initial resources + every placement click. Lines = walls · curves = elevation contours. ◆ gold · ⬟ stone · ● berries · ✦ relic · ◌ wall gap
Your base· Open — unwalled flank
Noxx's base· Open — 5t gap
TestofOne's base· Open — unwalled flank
alesh's base· Open — unwalled flank
Dadagama's base· Open — unwalled flank
postavič's base· Open — unwalled flank
EasyGame's base· Open — unwalled flank
Čiko's base· Open — unwalled flank
Smoothed initial terrain · ◌ = detected wall gap · hover for details
Inputs per minute
— NoobProElite - - Noxx
Build order — NoobProElite
First 150 of 917 actions detected
| 0:01 | Create | Villager (Male) ×4 |
| 0:02 | Build | House |
| 0:03 | Build | House |
| 1:29 | Create | Villager (Male) |
| 1:44 | Build | Lumber Camp |
| 2:01 | Create | Villager (Male) |
| 2:26 | Create | Villager (Male) |
| 2:48 | Create | Villager (Male) |
| 3:07 | Create | Villager (Male) |
| 3:07 | Create | Villager (Male) |
| 3:35 | Create | Villager (Male) |
| 3:50 | Build | House |
| 3:51 | Build | House |
| 4:04 | Create | Villager (Male) ×2 |
| 4:15 | Build | Mill |
| 4:52 | Create | Villager (Male) ×3 |
| 5:44 | Create | Villager (Male) ×2 |
| 5:53 | Build | Mill |
| 5:59 | Create | Villager (Male) |
| 7:08 | Create | Villager (Male) |
| 7:08 | Create | Villager (Male) |
| 7:35 | Build | Mining Camp |
| 7:43 | Research | Feudal Age |
| 7:43 | Research | Loom |
| 9:28 | Build | House |
| 9:30 | Build | House |
| 9:34 | Build | Farm |
| 10:27 | Build | Farm |
| 10:29 | Build | Farm |
| 10:31 | Age | Feudal Age |
| 10:39 | Build | Farm |
| 10:47 | Create | Villager (Male) |
| 10:47 | Create | Villager (Male) |
| 10:53 | Build | Blacksmith |
| 11:23 | Build | Market |
| 11:31 | Create | Villager (Male) |
| 11:43 | Build | Farm |
| 11:56 | Build | Farm |
| 12:02 | Create | Villager (Male) |
| 12:39 | Research | Castle Age |
| 12:45 | Build | Farm |
| 13:41 | Research | Double-Bit Axe |
| 14:13 | Create | Villager (Male) |
| 14:13 | Create | Villager (Male) |
| 15:19 | Age | Castle Age |
| 15:21 | Build | Town Center |
| 15:34 | Build | Town Center |
| 15:49 | Research | Bow Saw |
| 15:58 | Create | Villager (Male) |
| 15:58 | Create | Villager (Male) |
| 16:42 | Create | Villager (Male) |
| 16:43 | Create | Villager (Male) |
| 16:47 | Build | Town Center |
| 16:49 | Create | Villager (Male) ×5 |
| 16:52 | Create | Villager (Male) ×3 |
| 16:52 | Create | Villager (Male) ×3 |
| 17:09 | Build | Farm |
| 17:12 | Build | Farm |
| 17:18 | Build | Farm |
| 17:28 | Build | Mining Camp |
| 17:34 | Create | Villager (Male) ×2 |
| 17:37 | Build | Farm |
| 17:43 | Build | Farm |
| 17:55 | Build | Farm |
| 18:01 | Build | Farm |
| 18:06 | Create | Villager (Male) |
| 18:06 | Create | Villager (Male) |
| 18:09 | Build | Farm |
| 18:13 | Create | Villager (Male) |
| 18:17 | Build | Farm |
| 18:26 | Build | Farm |
| 18:28 | Create | Villager (Male) |
| 18:34 | Create | Villager (Male) |
| 18:37 | Build | Farm |
| 18:39 | Build | Farm |
| 18:42 | Create | Villager (Male) |
| 18:43 | Create | Villager (Male) |
| 18:46 | Build | Farm |
| 18:52 | Create | Villager (Male) |
| 18:56 | Build | Farm |
| 19:00 | Build | Farm |
| 19:02 | Create | Villager (Male) |
| 19:06 | Build | House |
| 19:07 | Build | House |
| 19:08 | Build | House |
| 19:30 | Build | Farm |
| 19:31 | Build | Farm |
| 19:32 | Build | Farm |
| 19:34 | Research | Wheelbarrow |
| 19:36 | Create | Villager (Male) |
| 19:42 | Build | Farm |
| 19:50 | Create | Villager (Male) ×2 |
| 19:58 | Build | Farm |
| 19:59 | Build | Farm |
| 20:02 | Build | Lumber Camp |
| 20:09 | Create | Villager (Male) ×3 |
| 20:15 | Build | Farm |
| 20:23 | Create | Villager (Male) ×2 |
| 20:40 | Build | Monastery |
| 20:46 | Create | Villager (Male) ×4 |
| 20:50 | Build | Farm |
| 20:52 | Build | Farm |
| 20:56 | Create | Villager (Male) |
| 20:57 | Create | Villager (Male) |
| 21:03 | Build | Farm |
| 21:09 | Create | Villager (Male) ×2 |
| 21:15 | Build | Farm |
| 21:17 | Build | Farm |
| 21:20 | Build | Farm |
| 21:28 | Build | House |
| 21:29 | Build | House |
| 21:30 | Build | House |
| 21:30 | Build | House |
| 21:31 | Build | House |
| 21:35 | Create | Villager (Male) ×5 |
| 21:35 | Create | Villager (Male) |
| 21:39 | Build | House |
| 21:40 | Build | House |
| 21:41 | Build | House |
| 21:50 | Research | Gold Mining |
| 21:53 | Research | Stone Mining |
| 22:10 | Create | Villager (Male) ×4 |
| 22:15 | Build | House |
| 22:16 | Build | House |
| 22:19 | Build | House |
| 22:20 | Build | House |
| 22:20 | Build | House |
| 22:21 | Build | House |
| 22:23 | Build | House |
| 22:23 | Build | House |
| 22:29 | Research | Gold Shaft Mining |
| 22:38 | Create | Monk |
| 23:02 | Create | Villager (Male) ×5 |
| 23:03 | Create | Villager (Male) ×5 |
| 23:09 | Build | Farm |
| 23:10 | Build | Farm |
| 23:13 | Build | Farm |
| 23:14 | Build | Farm |
| 23:16 | Build | Farm |
| 23:20 | Build | Farm |
| 23:33 | Build | Mining Camp |
| 23:43 | Research | Hand Cart |
| 23:44 | Create | Villager (Male) ×5 |
| 23:51 | Build | Farm |
| 24:12 | Build | Castle |
| 24:14 | Build | Mining Camp |
| 24:37 | Create | Villager (Male) ×5 |
| 24:48 | Build | Barracks |
| 25:06 | Create | Villager (Male) ×5 |
| 25:14 | Build | Farm |
Build order — Noxx
First 150 of 914 actions detected
| 0:01 | Create | Villager (Male) |
| 0:01 | Create | Villager (Male) |
| 0:02 | Build | House |
| 0:03 | Build | House |
| 0:37 | Create | Villager (Male) |
| 0:37 | Create | Villager (Male) |
| 1:36 | Create | Villager (Male) |
| 1:45 | Build | Lumber Camp |
| 1:57 | Create | Villager (Male) |
| 2:22 | Create | Villager (Male) |
| 2:49 | Create | Villager (Male) |
| 3:14 | Create | Villager (Male) |
| 3:44 | Create | Villager (Male) |
| 3:51 | Build | House |
| 3:52 | Build | House |
| 4:04 | Create | Villager (Male) |
| 4:29 | Create | Villager (Male) |
| 4:54 | Create | Villager (Male) |
| 5:05 | Build | Mill |
| 5:07 | Create | Villager (Male) |
| 5:46 | Create | Villager (Male) |
| 5:48 | Create | Villager (Male) |
| 5:58 | Build | Farm |
| 6:43 | Create | Villager (Male) |
| 6:52 | Build | Farm |
| 6:55 | Create | Villager (Male) |
| 7:15 | Create | Villager (Male) |
| 7:22 | Build | Farm |
| 7:26 | Build | Farm |
| 7:52 | Build | Farm |
| 8:01 | Create | Villager (Male) |
| 8:04 | Create | Villager (Male) |
| 8:49 | Build | Mining Camp |
| 8:51 | Create | Villager (Male) |
| 8:53 | Research | Feudal Age |
| 9:21 | Build | Palisade Wall |
| 9:22 | Build | Palisade Wall |
| 9:24 | Build | Palisade Wall |
| 9:25 | Build | Palisade Wall |
| 9:30 | Build | Palisade Wall |
| 10:02 | Research | Loom |
| 10:15 | Build | House |
| 10:46 | Build | Palisade Wall |
| 11:04 | Age | Feudal Age |
| 11:08 | Create | Villager (Male) |
| 11:08 | Create | Villager (Male) |
| 11:22 | Create | Villager (Male) |
| 11:40 | Create | Villager (Male) |
| 11:41 | Create | Villager (Male) |
| 12:06 | Create | Villager (Male) |
| 12:38 | Create | Villager (Male) |
| 12:55 | Create | Villager (Male) |
| 13:25 | Create | Villager (Male) |
| 13:49 | Build | Watch Tower |
| 13:55 | Build | Palisade Wall |
| 14:00 | Build | Building 804 |
| 14:04 | Build | House |
| 14:08 | Build | Palisade Gate |
| 14:11 | Build | Palisade Wall |
| 14:20 | Build | Building 800 |
| 14:21 | Build | Palisade Gate |
| 14:29 | Create | Villager (Male) |
| 14:29 | Create | Villager (Male) |
| 15:11 | Build | Farm |
| 15:11 | Create | Villager (Male) |
| 15:23 | Build | Market |
| 15:24 | Create | Villager (Male) |
| 15:46 | Build | Mining Camp |
| 15:57 | Build | Farm |
| 15:59 | Build | Farm |
| 16:09 | Build | Outpost |
| 16:12 | Build | Outpost |
| 16:17 | Build | Farm |
| 16:19 | Build | House |
| 16:26 | Build | Blacksmith |
| 16:30 | Create | Villager (Male) |
| 16:42 | Build | House |
| 17:40 | Build | Farm |
| 17:41 | Build | Farm |
| 17:58 | Research | Castle Age |
| 17:58 | Research | Castle Age |
| 18:10 | Build | Farm |
| 18:13 | Build | Farm |
| 18:15 | Build | Farm |
| 18:28 | Build | Farm |
| 18:33 | Build | Farm |
| 18:40 | Build | Farm |
| 18:46 | Build | Farm |
| 19:05 | Research | Double-Bit Axe |
| 19:05 | Research | Double-Bit Axe |
| 19:36 | Build | Farm |
| 19:54 | Create | Villager (Male) |
| 19:56 | Create | Villager (Male) |
| 20:00 | Build | House |
| 20:01 | Build | House |
| 20:10 | Research | Horse Collar |
| 20:10 | Research | Horse Collar |
| 20:38 | Age | Castle Age |
| 20:39 | Build | Siege Workshop |
| 20:50 | Create | Villager (Male) |
| 21:06 | Build | Town Center |
| 21:08 | Create | Mangonel |
| 21:13 | Create | Villager (Male) |
| 21:28 | Research | Bow Saw |
| 21:28 | Research | Bow Saw |
| 22:05 | Create | Villager (Male) |
| 22:30 | Create | Villager (Male) |
| 22:30 | Create | Villager (Male) |
| 22:31 | Create | Villager (Male) |
| 22:51 | Create | Villager (Male) |
| 23:09 | Build | Farm |
| 23:10 | Create | Villager (Male) |
| 23:15 | Build | Farm |
| 23:20 | Build | Farm |
| 23:23 | Build | Farm |
| 23:25 | Create | Villager (Male) |
| 23:26 | Create | Villager (Male) |
| 23:34 | Create | Mangonel |
| 23:41 | Build | Farm |
| 23:41 | Build | Farm |
| 23:41 | Build | Farm |
| 23:41 | Build | Farm |
| 23:42 | Build | Farm |
| 23:52 | Build | Town Center |
| 23:55 | Create | Villager (Male) |
| 24:02 | Build | Lumber Camp |
| 24:08 | Build | Farm |
| 24:09 | Create | Villager (Male) |
| 24:12 | Build | Farm |
| 24:14 | Create | Villager (Male) |
| 24:33 | Create | Villager (Male) |
| 24:42 | Create | Villager (Male) |
| 24:47 | Create | Villager (Male) |
| 24:50 | Build | House |
| 24:51 | Build | House |
| 24:52 | Build | House |
| 24:52 | Build | House |
| 24:52 | Build | House |
| 24:53 | Build | House |
| 24:53 | Build | House |
| 24:53 | Build | House |
| 24:53 | Build | House |
| 25:02 | Create | Villager (Male) |
| 25:13 | Build | Farm |
| 25:15 | Build | Farm |
| 25:15 | Create | Villager (Male) |
| 25:22 | Create | Villager (Male) |
| 25:27 | Build | Farm |
| 25:30 | Build | Farm |
| 25:33 | Build | Farm |
Build order — TestofOne
First 150 of 1208 actions detected
| 0:01 | Create | Villager (Male) |
| 0:01 | Create | Villager (Male) |
| 0:01 | Create | Villager (Male) |
| 0:02 | Build | House |
| 0:03 | Build | House |
| 0:08 | Create | Villager (Male) |
| 1:16 | Create | Villager (Male) |
| 1:50 | Build | Lumber Camp |
| 1:55 | Build | Lumber Camp |
| 1:58 | Create | Villager (Male) |
| 2:17 | Create | Villager (Male) |
| 2:48 | Create | Villager (Male) |
| 3:00 | Create | Villager (Male) |
| 3:44 | Create | Villager (Male) |
| 3:54 | Build | House |
| 3:54 | Build | House |
| 3:58 | Create | Villager (Male) |
| 4:36 | Create | Villager (Male) |
| 4:54 | Build | Mill |
| 4:57 | Create | Villager (Male) |
| 5:20 | Create | Villager (Male) |
| 5:31 | Create | Villager (Male) |
| 5:57 | Build | Mill |
| 6:03 | Create | Villager (Male) |
| 6:22 | Create | Villager (Male) |
| 6:41 | Create | Villager (Male) |
| 6:54 | Create | Villager (Male) |
| 7:25 | Create | Villager (Male) |
| 8:12 | Build | House |
| 8:23 | Research | Feudal Age |
| 8:25 | Create | Villager (Male) |
| 9:12 | Build | Mining Camp |
| 10:33 | Age | Feudal Age |
| 10:46 | Build | Market |
| 10:49 | Build | Blacksmith |
| 10:58 | Create | Villager (Male) |
| 11:06 | Research | Double-Bit Axe |
| 11:25 | Create | Villager (Male) |
| 11:55 | Research | Castle Age |
| 12:08 | Build | Farm |
| 12:10 | Build | Farm |
| 12:12 | Build | Farm |
| 12:31 | Research | Horse Collar |
| 12:45 | Build | Farm |
| 12:49 | Build | Farm |
| 12:57 | Build | Farm |
| 13:29 | Build | Mining Camp |
| 13:41 | Build | Farm |
| 14:24 | Create | Villager (Male) |
| 14:30 | Build | House |
| 14:35 | Build | House |
| 14:35 | Age | Castle Age |
| 14:47 | Create | Villager (Male) |
| 15:05 | Create | Villager (Male) |
| 15:26 | Create | Villager (Male) |
| 15:36 | Build | Castle |
| 15:39 | Build | House |
| 15:42 | Build | House |
| 15:43 | Create | Villager (Male) |
| 15:49 | Build | Palisade Wall |
| 15:50 | Build | House |
| 15:57 | Create | Villager (Male) |
| 16:13 | Create | Villager (Male) |
| 16:30 | Build | Farm |
| 16:30 | Build | Farm |
| 16:30 | Build | Farm |
| 16:30 | Build | Farm |
| 16:31 | Build | Farm |
| 16:31 | Build | Farm |
| 16:51 | Research | Fletching |
| 16:53 | Build | Lumber Camp |
| 17:00 | Create | Villager (Male) |
| 17:22 | Create | Genoese Crossbowman |
| 17:48 | Create | Genoese Crossbowman |
| 17:49 | Create | Villager (Male) |
| 17:50 | Create | Villager (Male) |
| 18:00 | Create | Genoese Crossbowman |
| 18:06 | Create | Genoese Crossbowman |
| 18:08 | Create | Villager (Male) |
| 18:26 | Build | Palisade Gate |
| 18:30 | Build | House |
| 18:34 | Create | Villager (Male) |
| 18:51 | Build | Siege Workshop |
| 18:52 | Create | Villager (Male) |
| 18:55 | Build | House |
| 18:57 | Create | Villager (Male) |
| 19:08 | Build | Farm |
| 19:15 | Build | House |
| 19:23 | Create | Genoese Crossbowman |
| 19:43 | Research | Bow Saw |
| 19:45 | Create | Villager (Male) |
| 19:45 | Create | Villager (Male) |
| 20:14 | Create | Villager (Male) |
| 20:32 | Build | House |
| 20:44 | Build | Farm |
| 20:44 | Build | Farm |
| 20:45 | Build | Farm |
| 20:45 | Build | Farm |
| 20:45 | Build | Farm |
| 20:45 | Build | Farm |
| 20:46 | Build | Farm |
| 20:54 | Create | Genoese Crossbowman |
| 20:56 | Create | Villager (Male) |
| 21:05 | Build | House |
| 21:18 | Create | Genoese Crossbowman |
| 21:21 | Create | Villager (Male) |
| 21:28 | Research | Heavy Plow |
| 21:40 | Build | House |
| 21:48 | Create | Villager (Male) |
| 22:29 | Create | Villager (Male) |
| 22:31 | Create | Villager (Male) |
| 22:32 | Create | Villager (Male) |
| 22:39 | Create | Genoese Crossbowman |
| 22:40 | Create | Villager (Male) |
| 22:44 | Create | Villager (Male) |
| 22:53 | Create | Mangonel |
| 22:59 | Create | Villager (Male) |
| 23:15 | Build | House |
| 23:34 | Create | Genoese Crossbowman |
| 23:34 | Create | Genoese Crossbowman |
| 23:47 | Build | House |
| 24:02 | Research | Imperial Age |
| 24:07 | Create | Genoese Crossbowman |
| 24:09 | Create | Villager (Male) |
| 24:16 | Build | House |
| 24:26 | Build | University |
| 24:41 | Create | Villager (Male) |
| 24:48 | Create | Villager (Male) |
| 24:53 | Create | Genoese Crossbowman |
| 24:55 | Research | Bodkin Arrow |
| 25:04 | Create | Genoese Crossbowman |
| 25:10 | Create | Villager (Male) |
| 25:26 | Build | House |
| 25:33 | Create | Genoese Crossbowman |
| 25:33 | Create | Genoese Crossbowman |
| 25:51 | Build | House |
| 26:03 | Create | Genoese Crossbowman |
| 26:22 | Build | House |
| 26:49 | Build | Barracks |
| 27:12 | Age | Imperial Age |
| 27:19 | Research | Chemistry |
| 27:22 | Create | Villager (Male) |
| 27:54 | Build | Lumber Camp |
| 27:55 | Create | Villager (Male) |
| 28:10 | Build | Barracks |
| 28:19 | Create | Bombard Cannon |
| 28:50 | Create | Villager (Male) |
| 28:51 | Create | Villager (Male) |
| 29:19 | Build | Farm |
| 29:29 | Create | Bombard Cannon |
Build order — alesh
First 150 of 1424 actions detected
| 0:00 | Create | Villager (Male) |
| 0:01 | Create | Villager (Male) |
| 0:01 | Create | Villager (Male) |
| 0:01 | Create | Villager (Male) |
| 0:01 | Create | Villager (Male) |
| 0:02 | Build | House |
| 0:04 | Build | House |
| 1:31 | Create | Villager (Male) |
| 1:31 | Create | Villager (Male) |
| 1:51 | Build | Lumber Camp |
| 2:03 | Create | Villager (Male) |
| 2:03 | Create | Villager (Male) |
| 2:15 | Create | Villager (Male) |
| 2:16 | Create | Villager (Male) |
| 2:45 | Create | Villager (Male) |
| 2:45 | Create | Villager (Male) |
| 3:01 | Create | Villager (Male) |
| 3:24 | Build | House |
| 3:26 | Build | House |
| 3:32 | Create | Villager (Male) |
| 3:47 | Create | Villager (Male) |
| 4:12 | Build | Mill |
| 4:19 | Create | Villager (Male) |
| 4:51 | Create | Villager (Male) |
| 5:12 | Create | Villager (Male) |
| 5:23 | Create | Villager (Male) |
| 5:45 | Create | Villager (Male) |
| 5:45 | Create | Villager (Male) |
| 6:19 | Create | Villager (Male) |
| 6:19 | Create | Villager (Male) |
| 6:19 | Create | Villager (Male) |
| 7:16 | Create | Villager (Male) |
| 7:24 | Build | Farm |
| 7:59 | Build | Mining Camp |
| 8:15 | Research | Feudal Age |
| 8:22 | Build | Farm |
| 8:39 | Create | Villager (Male) |
| 8:40 | Research | Loom |
| 10:31 | Age | Feudal Age |
| 10:36 | Build | Market |
| 10:38 | Build | Blacksmith |
| 11:20 | Research | Castle Age |
| 11:20 | Research | Castle Age |
| 11:35 | Build | Mining Camp |
| 12:34 | Research | Horse Collar |
| 12:48 | Build | House |
| 12:54 | Create | Villager (Male) |
| 14:01 | Age | Castle Age |
| 14:07 | Create | Villager (Male) |
| 14:14 | Build | Farm |
| 14:15 | Build | Farm |
| 14:18 | Build | Farm |
| 14:26 | Create | Villager (Male) |
| 14:35 | Build | House |
| 14:44 | Create | Villager (Male) |
| 14:56 | Build | Castle |
| 15:02 | Build | Farm |
| 15:05 | Create | Villager (Male) |
| 15:19 | Build | Farm |
| 15:26 | Create | Villager (Male) |
| 15:39 | Create | Villager (Male) |
| 16:09 | Create | Arambai |
| 16:09 | Create | Arambai |
| 16:14 | Create | Villager (Male) |
| 16:43 | Build | Mill |
| 16:48 | Create | Villager (Male) |
| 16:58 | Create | Arambai |
| 16:59 | Create | Arambai |
| 17:04 | Create | Villager (Male) |
| 18:03 | Create | Villager (Male) |
| 18:07 | Build | Farm |
| 18:10 | Build | Farm |
| 18:13 | Build | Farm |
| 18:15 | Build | Farm |
| 20:02 | Research | Imperial Age |
| 20:02 | Research | Imperial Age |
| 20:40 | Create | Villager (Male) |
| 20:52 | Build | Monastery |
| 21:00 | Create | Villager (Male) |
| 21:21 | Create | Villager (Male) |
| 21:27 | Create | Monk |
| 21:27 | Create | Monk |
| 21:49 | Build | University |
| 21:53 | Create | Villager (Male) |
| 22:44 | Build | Siege Workshop |
| 22:57 | Create | Villager (Male) |
| 23:12 | Age | Imperial Age |
| 23:19 | Research | Chemistry |
| 23:19 | Research | Chemistry |
| 23:35 | Create | Trebuchet (Packed) |
| 23:42 | Research | Gold Mining |
| 23:43 | Research | Gold Mining |
| 23:52 | Create | Villager (Male) |
| 24:21 | Create | Trebuchet (Packed) |
| 24:21 | Create | Trebuchet (Packed) |
| 24:34 | Create | Villager (Male) |
| 24:35 | Create | Villager (Male) |
| 24:49 | Create | Villager (Male) |
| 24:52 | Create | Monk |
| 25:06 | Create | Bombard Cannon |
| 25:06 | Create | Bombard Cannon |
| 25:12 | Create | Villager (Male) |
| 25:28 | Create | Villager (Male) |
| 25:32 | Create | Monk |
| 25:33 | Create | Villager (Male) |
| 25:43 | Build | Mining Camp |
| 25:51 | Create | Villager (Male) |
| 26:10 | Create | Villager (Male) |
| 26:25 | Create | Villager (Male) |
| 26:28 | Build | Lumber Camp |
| 26:32 | Create | Bombard Cannon |
| 26:48 | Research | Block Printing |
| 26:48 | Research | Block Printing |
| 26:50 | Create | Villager (Male) |
| 27:06 | Create | Monk |
| 27:25 | Build | Town Center |
| 27:52 | Create | Bombard Cannon |
| 27:53 | Create | Villager (Male) |
| 27:53 | Create | Villager (Male) |
| 27:58 | Create | Villager (Male) |
| 28:11 | Create | Villager (Male) |
| 28:28 | Create | Bombard Cannon |
| 28:29 | Create | Villager (Male) |
| 28:30 | Create | Villager (Male) |
| 29:11 | Create | Bombard Cannon |
| 29:15 | Create | Villager (Male) |
| 29:18 | Build | Town Center |
| 29:30 | Create | Monk |
| 29:30 | Create | Monk |
| 29:57 | Research | Redemption |
| 30:16 | Create | Villager (Male) |
| 30:17 | Create | Villager (Male) |
| 30:18 | Create | Monk |
| 31:05 | Create | Monk |
| 31:10 | Create | Villager (Male) |
| 31:10 | Create | Villager (Male) |
| 31:14 | Research | Sanctity |
| 31:16 | Research | Siege Engineers |
| 31:23 | Create | Villager (Male) |
| 31:23 | Create | Villager (Male) |
| 31:29 | Create | Monk |
| 31:32 | Create | Arambai |
| 31:32 | Create | Arambai |
| 31:34 | Create | Monk |
| 31:37 | Build | Monastery |
| 31:59 | Create | Trebuchet (Packed) |
| 31:59 | Create | Trebuchet (Packed) |
| 32:27 | Create | Monk |
| 32:39 | Create | Monk |
| 32:40 | Create | Monk |
Build order — Dadagama
First 150 of 873 actions detected
| 0:00 | Create | Villager (Male) |
| 0:00 | Create | Villager (Male) |
| 0:01 | Create | Villager (Male) |
| 0:02 | Build | House |
| 0:03 | Build | House |
| 0:32 | Create | Villager (Male) |
| 0:32 | Create | Villager (Male) |
| 1:48 | Create | Villager (Male) |
| 1:48 | Create | Villager (Male) |
| 1:50 | Build | Lumber Camp |
| 1:55 | Create | Villager (Male) |
| 1:55 | Create | Villager (Male) |
| 1:55 | Create | Villager (Male) |
| 2:17 | Create | Villager (Male) |
| 2:17 | Create | Villager (Male) |
| 2:49 | Create | Villager (Male) |
| 2:49 | Create | Villager (Male) |
| 3:08 | Build | House |
| 3:09 | Build | House |
| 3:13 | Create | Villager (Male) |
| 3:13 | Create | Villager (Male) |
| 3:30 | Create | Villager (Male) |
| 3:31 | Create | Villager (Male) |
| 4:06 | Create | Villager (Male) |
| 4:25 | Create | Villager (Male) |
| 4:36 | Build | Mill |
| 4:39 | Create | Villager (Male) |
| 4:57 | Create | Villager (Male) |
| 5:07 | Create | Villager (Male) |
| 5:35 | Create | Villager (Male) |
| 5:35 | Create | Villager (Male) |
| 6:26 | Create | Villager (Male) |
| 6:26 | Create | Villager (Male) |
| 7:33 | Create | Villager (Male) |
| 7:33 | Create | Villager (Male) |
| 8:31 | Build | Mining Camp |
| 8:41 | Research | Feudal Age |
| 8:44 | Create | Villager (Male) |
| 9:00 | Build | Farm |
| 9:03 | Build | Farm |
| 10:09 | Build | House |
| 10:10 | Build | House |
| 11:01 | Create | Villager (Male) |
| 11:01 | Create | Villager (Male) |
| 11:01 | Create | Villager (Male) |
| 11:01 | Create | Villager (Male) |
| 11:02 | Create | Villager (Male) |
| 11:03 | Age | Feudal Age |
| 11:05 | Build | Market |
| 11:08 | Build | Blacksmith |
| 11:10 | Build | House |
| 11:11 | Research | Double-Bit Axe |
| 11:13 | Research | Horse Collar |
| 11:21 | Build | Farm |
| 11:23 | Build | Farm |
| 11:26 | Build | Farm |
| 11:39 | Build | Farm |
| 11:57 | Build | Farm |
| 12:15 | Build | Farm |
| 13:01 | Build | Farm |
| 13:09 | Create | Villager (Male) |
| 13:13 | Build | Farm |
| 13:22 | Build | House |
| 13:23 | Build | House |
| 13:32 | Research | Castle Age |
| 13:40 | Build | Mining Camp |
| 15:13 | Create | Villager (Male) ×5 |
| 16:14 | Age | Castle Age |
| 16:16 | Build | Town Center |
| 16:19 | Build | Town Center |
| 16:21 | Research | Bow Saw |
| 16:22 | Research | Heavy Plow |
| 17:04 | Create | Villager (Male) ×4 |
| 17:14 | Build | Farm |
| 17:18 | Build | Farm |
| 17:32 | Build | Farm |
| 17:35 | Create | Villager (Male) ×2 |
| 17:50 | Build | Farm |
| 17:57 | Build | Farm |
| 18:02 | Create | Villager (Male) ×2 |
| 18:09 | Build | Farm |
| 18:19 | Build | Farm |
| 18:30 | Research | Wheelbarrow |
| 18:31 | Research | Wheelbarrow |
| 18:39 | Build | Farm |
| 18:41 | Create | Villager (Male) |
| 18:42 | Create | Villager (Male) |
| 18:46 | Build | Farm |
| 18:53 | Create | Villager (Male) |
| 18:59 | Build | Farm |
| 19:02 | Create | Villager (Male) |
| 19:03 | Create | Villager (Male) |
| 19:08 | Build | Farm |
| 19:16 | Build | Farm |
| 19:17 | Create | Villager (Male) |
| 19:23 | Create | Villager (Male) |
| 19:38 | Build | Farm |
| 19:41 | Build | Farm |
| 19:42 | Create | Villager (Male) ×3 |
| 19:47 | Build | Farm |
| 19:50 | Build | Farm |
| 19:58 | Build | Farm |
| 20:05 | Create | Villager (Male) ×3 |
| 20:12 | Build | Farm |
| 20:18 | Build | House |
| 20:19 | Build | House |
| 20:19 | Build | House |
| 20:20 | Build | House |
| 20:26 | Create | Villager (Male) ×4 |
| 20:30 | Build | Farm |
| 20:34 | Build | Farm |
| 20:37 | Build | Farm |
| 20:42 | Create | Villager (Male) ×2 |
| 20:45 | Build | Farm |
| 20:51 | Build | Farm |
| 20:58 | Build | Farm |
| 21:18 | Create | Villager (Male) ×5 |
| 21:21 | Build | Farm |
| 21:30 | Create | Villager (Male) ×5 |
| 21:34 | Build | Farm |
| 21:38 | Build | Farm |
| 21:43 | Build | House |
| 21:48 | Build | House |
| 21:53 | Build | House |
| 21:56 | Build | Monastery |
| 22:07 | Research | Gold Mining |
| 22:16 | Build | Farm |
| 22:18 | Build | Farm |
| 22:25 | Build | Farm |
| 22:31 | Build | Farm |
| 22:42 | Build | House |
| 22:43 | Build | House |
| 22:45 | Build | House |
| 22:47 | Create | Villager (Male) |
| 22:50 | Create | Monk |
| 22:56 | Build | House |
| 22:59 | Create | Villager (Male) |
| 22:59 | Create | Villager (Male) |
| 22:59 | Create | Villager (Male) |
| 23:11 | Build | Castle |
| 23:12 | Build | Mining Camp |
| 23:16 | Create | Villager (Male) ×5 |
| 23:21 | Build | House |
| 23:22 | Build | House |
| 23:29 | Build | Farm |
| 23:32 | Build | Farm |
| 23:36 | Build | Farm |
| 23:39 | Build | Farm |
| 23:42 | Research | Loom |
| 23:48 | Create | Villager (Male) ×5 |
Build order — postavič
First 150 of 1151 actions detected
| 0:00 | Create | Villager (Male) |
| 0:01 | Create | Villager (Male) |
| 0:01 | Create | Villager (Male) |
| 0:01 | Create | Villager (Male) |
| 0:02 | Build | House |
| 0:04 | Build | House |
| 1:29 | Create | Villager (Male) |
| 1:30 | Create | Villager (Male) |
| 2:07 | Create | Villager (Male) |
| 2:28 | Create | Villager (Male) |
| 2:53 | Create | Villager (Male) |
| 2:54 | Create | Villager (Male) |
| 3:17 | Create | Villager (Male) |
| 3:39 | Build | House |
| 3:44 | Build | House |
| 3:46 | Build | House |
| 3:47 | Create | Villager (Male) |
| 3:48 | Create | Villager (Male) |
| 3:48 | Create | Villager (Male) |
| 4:21 | Create | Villager (Male) |
| 4:25 | Build | Mill |
| 5:11 | Create | Villager (Male) |
| 5:42 | Create | Villager (Male) |
| 5:42 | Create | Villager (Male) |
| 6:15 | Create | Villager (Male) |
| 6:16 | Create | Villager (Male) |
| 6:16 | Create | Villager (Male) |
| 6:16 | Create | Villager (Male) |
| 6:50 | Build | Mill |
| 7:06 | Create | Villager (Male) |
| 7:29 | Create | Villager (Male) |
| 7:43 | Create | Villager (Male) |
| 8:19 | Create | Villager (Male) |
| 8:30 | Build | Mule Cart |
| 8:45 | Research | Feudal Age |
| 8:58 | Build | Farm |
| 8:58 | Build | Farm |
| 8:58 | Build | Farm |
| 8:58 | Build | Farm |
| 8:59 | Build | Farm |
| 10:32 | Create | Villager (Male) |
| 10:33 | Create | Villager (Male) |
| 10:58 | Age | Feudal Age |
| 10:59 | Build | Market |
| 11:25 | Build | Blacksmith |
| 11:56 | Research | Castle Age |
| 11:56 | Research | Castle Age |
| 12:20 | Research | Double-Bit Axe |
| 12:51 | Create | Villager (Male) |
| 13:50 | Create | Villager (Male) |
| 14:36 | Age | Castle Age |
| 14:48 | Create | Villager (Male) |
| 14:54 | Build | Town Center |
| 14:57 | Build | Town Center |
| 15:02 | Build | Farm |
| 15:02 | Build | Farm |
| 15:03 | Build | Farm |
| 15:03 | Build | Farm |
| 15:11 | Build | Farm |
| 15:48 | Research | Bow Saw |
| 15:51 | Create | Villager (Male) |
| 15:51 | Create | Villager (Male) |
| 15:54 | Create | Villager (Male) |
| 15:54 | Create | Villager (Male) |
| 15:55 | Create | Villager (Male) |
| 15:57 | Research | Horse Collar |
| 16:07 | Build | Farm |
| 16:25 | Build | Farm |
| 16:34 | Build | House |
| 16:40 | Create | Villager (Male) |
| 16:40 | Create | Villager (Male) |
| 16:47 | Build | House |
| 16:48 | Build | House |
| 16:49 | Build | House |
| 16:50 | Create | Villager (Male) |
| 16:53 | Build | Farm |
| 16:54 | Build | Farm |
| 16:54 | Create | Villager (Male) |
| 17:06 | Build | Farm |
| 17:06 | Build | Farm |
| 17:06 | Build | Farm |
| 17:07 | Build | Farm |
| 17:15 | Create | Villager (Male) |
| 17:15 | Create | Villager (Male) |
| 17:21 | Build | Farm |
| 17:26 | Build | Farm |
| 17:27 | Create | Villager (Male) |
| 17:27 | Create | Villager (Male) |
| 17:33 | Create | Villager (Male) |
| 17:33 | Create | Villager (Male) |
| 17:41 | Build | Farm |
| 17:43 | Build | Farm |
| 17:44 | Build | Farm |
| 17:44 | Build | Farm |
| 17:45 | Create | Villager (Male) |
| 17:45 | Create | Villager (Male) |
| 17:54 | Create | Villager (Male) |
| 17:54 | Create | Villager (Male) |
| 18:02 | Build | Farm |
| 18:06 | Build | Farm |
| 18:08 | Create | Villager (Male) |
| 18:13 | Build | Farm |
| 18:13 | Build | Farm |
| 18:19 | Create | Villager (Male) |
| 18:19 | Create | Villager (Male) |
| 18:23 | Build | House |
| 18:23 | Create | Villager (Male) |
| 18:28 | Build | Farm |
| 18:36 | Create | Villager (Male) |
| 18:44 | Create | Villager (Male) |
| 18:51 | Create | Villager (Male) |
| 18:52 | Create | Villager (Male) |
| 19:12 | Build | Monastery |
| 19:18 | Create | Villager (Male) |
| 19:18 | Create | Villager (Male) ×3 |
| 19:22 | Build | Mule Cart |
| 19:32 | Create | Villager (Male) |
| 19:32 | Create | Villager (Male) |
| 19:40 | Build | Monastery |
| 19:55 | Build | Monastery |
| 19:59 | Create | Villager (Male) ×3 |
| 20:00 | Create | Villager (Male) ×3 |
| 20:00 | Create | Villager (Male) |
| 20:08 | Create | Villager (Male) |
| 20:08 | Create | Villager (Male) |
| 20:12 | Build | Farm |
| 20:12 | Build | Farm |
| 20:13 | Build | Farm |
| 20:13 | Build | Farm |
| 20:21 | Build | Farm |
| 20:22 | Create | Villager (Male) |
| 20:31 | Create | Villager (Male) |
| 20:31 | Create | Villager (Male) |
| 20:33 | Build | Farm |
| 20:33 | Build | Farm |
| 20:33 | Build | Farm |
| 20:33 | Build | Farm |
| 20:34 | Build | Farm |
| 20:38 | Build | House |
| 20:43 | Research | Wheelbarrow |
| 20:44 | Create | Villager (Male) |
| 21:02 | Build | Farm |
| 21:02 | Build | Farm |
| 21:02 | Build | Farm |
| 21:03 | Build | Farm |
| 21:04 | Create | Villager (Male) |
| 21:04 | Create | Villager (Male) |
| 21:04 | Create | Villager (Male) |
| 21:16 | Build | Mill |
| 21:17 | Build | Farm |
Build order — EasyGame
First 150 of 1154 actions detected
| 0:01 | Create | Villager (Male) ×4 |
| 0:02 | Build | House |
| 0:03 | Build | House |
| 1:25 | Create | Villager (Male) |
| 1:59 | Create | Villager (Male) |
| 2:19 | Create | Villager (Male) |
| 2:35 | Build | Lumber Camp |
| 2:44 | Create | Villager (Male) |
| 2:45 | Create | Villager (Male) |
| 3:21 | Create | Villager (Male) |
| 3:49 | Build | House |
| 3:54 | Create | Villager (Male) |
| 4:33 | Create | Villager (Male) |
| 4:35 | Create | Villager (Male) |
| 4:35 | Create | Villager (Male) |
| 4:35 | Create | Villager (Male) |
| 4:48 | Build | Mill |
| 5:13 | Create | Villager (Male) |
| 5:13 | Create | Villager (Male) |
| 5:14 | Create | Villager (Male) |
| 5:46 | Create | Villager (Male) |
| 6:13 | Research | Loom |
| 6:32 | Build | Mining Camp |
| 7:01 | Research | Feudal Age |
| 7:02 | Research | Feudal Age |
| 7:25 | Create | Villager (Male) |
| 7:25 | Create | Villager (Male) |
| 7:53 | Build | House |
| 8:34 | Create | Villager (Male) |
| 8:34 | Create | Villager (Male) |
| 8:35 | Create | Villager (Male) |
| 9:11 | Age | Feudal Age |
| 9:13 | Build | Watch Tower |
| 9:36 | Build | Watch Tower |
| 9:53 | Build | Mill |
| 10:05 | Build | Palisade Wall |
| 10:05 | Build | Palisade Wall |
| 10:06 | Build | Palisade Wall |
| 10:06 | Build | Palisade Wall |
| 10:06 | Build | Palisade Wall |
| 10:07 | Build | Palisade Wall |
| 10:07 | Build | Palisade Wall |
| 10:07 | Build | Palisade Wall |
| 10:08 | Build | Palisade Wall |
| 10:08 | Build | Palisade Wall |
| 10:08 | Build | Palisade Wall |
| 10:08 | Build | Palisade Wall |
| 10:17 | Build | Watch Tower |
| 10:44 | Build | House |
| 10:51 | Build | Watch Tower |
| 11:07 | Build | Watch Tower |
| 11:11 | Create | Villager (Male) |
| 11:14 | Build | House |
| 11:15 | Build | House |
| 11:18 | Research | Double-Bit Axe |
| 11:36 | Create | Villager (Male) |
| 12:36 | Create | Villager (Male) |
| 13:01 | Build | Farm |
| 13:02 | Build | Farm |
| 13:03 | Build | Farm |
| 13:35 | Build | Palisade Wall |
| 13:37 | Build | Palisade Wall |
| 13:37 | Build | Palisade Wall |
| 13:39 | Build | Palisade Wall |
| 13:40 | Build | Palisade Wall |
| 13:42 | Build | Palisade Wall |
| 13:42 | Create | Villager (Male) |
| 13:46 | Build | Farm |
| 13:46 | Build | Farm |
| 13:47 | Build | Farm |
| 13:48 | Build | Farm |
| 13:53 | Build | Palisade Wall |
| 14:15 | Create | Villager (Male) |
| 14:27 | Build | Watch Tower |
| 14:31 | Build | Palisade Wall |
| 14:32 | Build | Palisade Wall |
| 14:34 | Build | Palisade Wall |
| 14:36 | Build | Palisade Wall |
| 14:45 | Create | Villager (Male) |
| 14:50 | Build | Palisade Wall |
| 14:54 | Build | Palisade Wall |
| 15:06 | Create | Villager (Male) |
| 15:17 | Build | Palisade Wall |
| 15:21 | Create | Villager (Male) |
| 15:26 | Build | Market |
| 15:28 | Create | Villager (Male) |
| 16:18 | Build | Blacksmith |
| 16:19 | Create | Villager (Male) |
| 16:26 | Build | Farm |
| 16:47 | Build | Palisade Wall |
| 16:55 | Build | Watch Tower |
| 16:57 | Create | Villager (Male) |
| 17:04 | Build | Palisade Wall |
| 17:06 | Build | Palisade Wall |
| 17:08 | Build | Palisade Wall |
| 17:09 | Build | Palisade Wall |
| 17:11 | Build | Palisade Wall |
| 17:12 | Build | Palisade Wall |
| 17:17 | Create | Villager (Male) |
| 17:31 | Build | Mining Camp |
| 17:35 | Create | Villager (Male) |
| 17:53 | Create | Villager (Male) |
| 18:17 | Build | Palisade Wall |
| 18:29 | Build | Lumber Camp |
| 18:37 | Research | Castle Age |
| 18:42 | Build | Palisade Wall |
| 18:42 | Build | Palisade Wall |
| 18:54 | Build | Outpost |
| 19:03 | Build | Farm |
| 19:47 | Research | Horse Collar |
| 19:47 | Research | Horse Collar |
| 21:01 | Create | Villager (Male) |
| 21:01 | Create | Villager (Male) |
| 21:17 | Age | Castle Age |
| 21:20 | Build | Town Center |
| 21:29 | Research | Bow Saw |
| 21:39 | Build | Town Center |
| 21:59 | Create | Villager (Male) |
| 22:13 | Build | Farm |
| 22:31 | Build | Farm |
| 22:32 | Build | Farm |
| 22:33 | Create | Villager (Male) |
| 22:33 | Create | Villager (Male) |
| 22:58 | Create | Villager (Male) |
| 22:59 | Create | Villager (Male) |
| 23:04 | Build | Farm |
| 23:15 | Create | Villager (Male) |
| 23:16 | Create | Villager (Male) |
| 23:17 | Create | Villager (Male) |
| 23:17 | Create | Villager (Male) |
| 23:27 | Build | Farm |
| 23:32 | Build | Farm |
| 23:34 | Build | Farm |
| 23:35 | Build | Farm |
| 23:35 | Build | Farm |
| 23:37 | Build | Farm |
| 23:38 | Build | Farm |
| 23:39 | Create | Villager (Male) |
| 23:39 | Create | Villager (Male) |
| 23:39 | Create | Villager (Male) |
| 23:40 | Create | Villager (Male) |
| 23:44 | Build | Farm |
| 23:45 | Build | Farm |
| 23:45 | Build | Farm |
| 23:57 | Build | Farm |
| 23:59 | Build | Farm |
| 24:06 | Create | Villager (Male) |
| 24:06 | Create | Villager (Male) |
| 24:42 | Create | Villager (Male) |
| 24:46 | Build | Town Center |
Build order — Čiko
First 150 of 1396 actions detected
| 0:00 | Create | Villager (Male) |
| 0:01 | Create | Villager (Male) |
| 0:01 | Create | Villager (Male) |
| 0:02 | Build | House |
| 0:04 | Build | House |
| 0:04 | Create | Villager (Male) |
| 1:35 | Create | Villager (Male) |
| 2:08 | Create | Villager (Male) |
| 2:08 | Create | Villager (Male) |
| 2:11 | Build | Lumber Camp |
| 2:25 | Create | Villager (Male) |
| 2:25 | Create | Villager (Male) |
| 2:53 | Create | Villager (Male) |
| 3:21 | Create | Villager (Male) |
| 3:22 | Create | Villager (Male) |
| 3:57 | Build | House |
| 4:16 | Build | Mill |
| 4:24 | Create | Villager (Male) |
| 4:24 | Create | Villager (Male) |
| 4:49 | Create | Villager (Male) |
| 4:49 | Create | Villager (Male) |
| 5:03 | Create | Villager (Male) |
| 5:34 | Create | Villager (Male) |
| 5:34 | Create | Villager (Male) |
| 6:11 | Create | Villager (Male) |
| 6:11 | Create | Villager (Male) |
| 6:49 | Build | Lumber Camp |
| 6:52 | Create | Villager (Male) |
| 6:52 | Create | Villager (Male) |
| 7:19 | Create | Villager (Male) |
| 7:43 | Build | House |
| 7:44 | Build | House |
| 7:51 | Create | Villager (Male) |
| 8:45 | Build | Farm |
| 8:46 | Create | Villager (Male) |
| 8:50 | Build | Farm |
| 9:04 | Build | Farm |
| 9:19 | Build | Mining Camp |
| 9:24 | Research | Feudal Age |
| 9:52 | Create | Villager (Male) |
| 9:53 | Create | Villager (Male) |
| 11:48 | Age | Feudal Age |
| 11:52 | Build | Market |
| 11:53 | Build | Blacksmith |
| 11:56 | Research | Double-Bit Axe |
| 12:40 | Create | Villager (Male) |
| 12:42 | Research | Castle Age |
| 12:46 | Research | Horse Collar |
| 13:00 | Build | Farm |
| 13:02 | Build | Farm |
| 13:06 | Build | Farm |
| 13:10 | Build | Farm |
| 13:27 | Build | Mill |
| 13:31 | Build | Farm |
| 13:42 | Build | Farm |
| 14:32 | Research | Wheelbarrow |
| 14:44 | Create | Villager (Male) |
| 15:22 | Age | Castle Age |
| 15:24 | Build | Town Center |
| 15:29 | Build | Town Center |
| 15:39 | Build | House |
| 15:40 | Build | House |
| 15:46 | Research | Bow Saw |
| 16:20 | Research | Heavy Plow |
| 16:41 | Build | House |
| 16:43 | Build | House |
| 16:44 | Create | Villager (Male) |
| 16:44 | Create | Villager (Male) |
| 16:59 | Create | Villager (Male) |
| 16:59 | Create | Villager (Male) |
| 17:00 | Create | Villager (Male) |
| 17:01 | Create | Villager (Male) |
| 17:12 | Build | Farm |
| 17:22 | Create | Villager (Male) |
| 17:22 | Create | Villager (Male) |
| 17:29 | Build | Farm |
| 17:31 | Build | Farm |
| 17:41 | Create | Villager (Male) |
| 17:41 | Create | Villager (Male) |
| 17:42 | Create | Villager (Male) |
| 17:55 | Build | Farm |
| 17:57 | Create | Villager (Male) |
| 18:10 | Build | Mill |
| 18:11 | Create | Villager (Male) |
| 18:12 | Create | Villager (Male) |
| 18:13 | Create | Villager (Male) |
| 18:17 | Build | Farm |
| 18:17 | Build | Farm |
| 18:31 | Build | House |
| 18:32 | Build | House |
| 18:35 | Research | Loom |
| 18:36 | Create | Villager (Male) |
| 18:43 | Build | Mill |
| 18:43 | Create | Villager (Male) |
| 18:44 | Create | Villager (Male) |
| 18:44 | Create | Villager (Male) |
| 18:56 | Build | Farm |
| 18:56 | Build | Farm |
| 18:57 | Build | Farm |
| 19:04 | Build | Farm |
| 19:11 | Build | Farm |
| 19:16 | Create | Villager (Male) |
| 19:17 | Create | Villager (Male) |
| 19:41 | Build | Town Center |
| 19:42 | Create | Villager (Male) |
| 19:42 | Create | Villager (Male) |
| 19:42 | Create | Villager (Male) |
| 19:45 | Build | Farm |
| 19:47 | Build | Farm |
| 19:48 | Build | Farm |
| 19:53 | Build | Farm |
| 19:53 | Create | Villager (Male) |
| 19:53 | Create | Villager (Male) |
| 19:54 | Create | Villager (Male) |
| 19:56 | Build | House |
| 19:57 | Build | House |
| 20:10 | Build | Farm |
| 20:13 | Create | Villager (Male) |
| 20:13 | Create | Villager (Male) |
| 20:30 | Create | Villager (Male) |
| 20:30 | Create | Villager (Male) |
| 20:30 | Create | Villager (Male) |
| 20:31 | Create | Villager (Male) |
| 20:34 | Build | House |
| 20:35 | Build | House |
| 20:36 | Research | Gold Mining |
| 20:54 | Create | Villager (Male) |
| 20:55 | Create | Villager (Male) |
| 20:55 | Create | Villager (Male) |
| 21:14 | Build | Town Center |
| 21:15 | Create | Villager (Male) |
| 21:15 | Create | Villager (Male) |
| 21:16 | Create | Villager (Male) |
| 21:18 | Create | Villager (Male) |
| 21:18 | Create | Villager (Male) |
| 21:24 | Create | Villager (Male) |
| 21:46 | Create | Villager (Male) |
| 21:46 | Create | Villager (Male) |
| 21:49 | Create | Villager (Male) |
| 21:50 | Create | Villager (Male) |
| 21:50 | Create | Villager (Male) |
| 21:52 | Build | House |
| 21:52 | Build | House |
| 22:02 | Research | Hand Cart |
| 22:16 | Build | Mill |
| 22:17 | Build | Farm |
| 22:17 | Build | Farm |
| 22:18 | Build | Farm |
| 22:18 | Build | Farm |
| 22:18 | Build | Farm |
Match timeline
| 9:11 | EasyGame · age_up feudal |
| 9:21 | Noxx · wall_segment Palisade Wall x1 |
| 9:22 | Noxx · wall_segment Palisade Wall x1 |
| 9:24 | Noxx · wall_segment Palisade Wall x1 |
| 9:25 | Noxx · wall_segment Palisade Wall x1 |
| 9:30 | Noxx · wall_segment Palisade Wall x4 |
| 10:05 | EasyGame · wall_segment Palisade Wall x1 |
| 10:05 | EasyGame · wall_segment Palisade Wall x1 |
| 10:06 | EasyGame · wall_segment Palisade Wall x2 |
| 10:06 | EasyGame · wall_segment Palisade Wall x1 |
| 10:06 | EasyGame · wall_segment Palisade Wall x1 |
| 10:07 | EasyGame · wall_segment Palisade Wall x1 |
| 10:07 | EasyGame · wall_segment Palisade Wall x1 |
| 10:07 | EasyGame · wall_segment Palisade Wall x2 |
| 10:08 | EasyGame · wall_segment Palisade Wall x1 |
| 10:08 | EasyGame · wall_segment Palisade Wall x1 |
| 10:08 | EasyGame · wall_segment Palisade Wall x1 |
| 10:08 | EasyGame · wall_segment Palisade Wall x1 |
| 10:31 | alesh · age_up feudal |
| 10:31 | NoobProElite · age_up feudal |
| 10:33 | TestofOne · age_up feudal |
| 10:46 | Noxx · wall_segment Palisade Wall x1 |
| 10:58 | postavič · age_up feudal |
| 11:03 | Dadagama · age_up feudal |
| 11:04 | Noxx · age_up feudal |
| 11:48 | Čiko · age_up feudal |
| 12:23 | NoobProElite · first_market_buy 100 food |
| 12:26 | NoobProElite · first_market_sell 100 wood |
| 13:35 | EasyGame · wall_segment Palisade Wall x1 |
| 13:37 | EasyGame · wall_segment Palisade Wall x1 |
| 13:37 | EasyGame · wall_segment Palisade Wall x1 |
| 13:39 | EasyGame · wall_segment Palisade Wall x1 |
| 13:40 | EasyGame · wall_segment Palisade Wall x1 |
| 13:42 | EasyGame · wall_segment Palisade Wall x1 |
| 13:53 | EasyGame · wall_segment Palisade Wall x1 |
| 13:55 | Noxx · wall_segment Palisade Wall x1 |
| 14:01 | alesh · age_up castle |
| 14:11 | Noxx · wall_segment Palisade Wall x1 |
| 14:24 | alesh · first_market_buy 100 stone |
| 14:31 | EasyGame · wall_segment Palisade Wall x1 |
| 14:32 | EasyGame · wall_segment Palisade Wall x1 |
| 14:34 | EasyGame · wall_segment Palisade Wall x1 |
| 14:35 | TestofOne · age_up castle |
| 14:36 | postavič · age_up castle |
| 14:36 | EasyGame · wall_segment Palisade Wall x1 |
| 14:50 | EasyGame · wall_segment Palisade Wall x1 |
| 14:54 | EasyGame · wall_segment Palisade Wall x1 |
| 14:56 | alesh · first_building Castle |
| 15:15 | TestofOne · first_market_buy 100 stone |
| 15:17 | EasyGame · wall_segment Palisade Wall x1 |
| 15:19 | NoobProElite · age_up castle |
| 15:20 | TestofOne · first_market_sell 100 food |
| 15:22 | Čiko · age_up castle |
| 15:36 | TestofOne · first_building Castle |
| 15:49 | TestofOne · wall_segment Palisade Wall x1 |
| 16:14 | Dadagama · age_up castle |
| 16:47 | EasyGame · wall_segment Palisade Wall x1 |
| 17:04 | EasyGame · wall_segment Palisade Wall x1 |
| 17:06 | EasyGame · wall_segment Palisade Wall x1 |
| 17:08 | EasyGame · wall_segment Palisade Wall x1 |
| 17:09 | EasyGame · wall_segment Palisade Wall x1 |
| 17:11 | EasyGame · wall_segment Palisade Wall x1 |
| 17:12 | EasyGame · wall_segment Palisade Wall x1 |
| 17:21 | Noxx · first_market_buy 100 wood |
| 17:23 | Noxx · first_market_sell 100 wood |
| 18:17 | EasyGame · wall_segment Palisade Wall x1 |
| 18:21 | alesh · first_market_sell 100 wood |
| 18:36 | EasyGame · first_market_sell 100 stone |
| 18:42 | EasyGame · wall_segment Palisade Wall x1 |
| 18:42 | EasyGame · wall_segment Palisade Wall x1 |
| 18:51 | TestofOne · first_building Siege Workshop |
| 19:12 | postavič · first_building Monastery |
| 19:19 | Čiko · first_market_buy 100 stone |
| 20:38 | Noxx · age_up castle |
| 20:39 | Noxx · first_building Siege Workshop |
| 20:40 | NoobProElite · first_building Monastery |
| 20:47 | Čiko · first_market_sell 100 food |
| 20:52 | alesh · first_building Monastery |
| 21:17 | EasyGame · age_up castle |
| 21:28 | EasyGame · first_market_buy 100 wood |
| 21:56 | Dadagama · first_building Monastery |
| 22:44 | alesh · first_building Siege Workshop |
| 23:11 | Dadagama · first_building Castle |
| 23:12 | alesh · age_up imperial |
| 23:47 | postavič · first_market_sell 100 food |
| 24:12 | NoobProElite · first_building Castle |
| 24:26 | Čiko · first_building Monastery |
| 24:28 | Dadagama · first_building Barracks |
| 24:46 | postavič · tribute_sent a jugador 1 |
| 24:46 | postavič · tribute_sent a jugador 2 |
| 24:46 | postavič · tribute_sent a jugador 3 |
| 24:46 | postavič · tribute_sent a jugador 4 |
| 24:46 | postavič · tribute_sent a jugador 5 |
| 24:46 | postavič · tribute_sent a jugador 7 |
| 24:46 | postavič · tribute_sent a jugador 8 |
| 24:48 | NoobProElite · first_building Barracks |
| 25:49 | Dadagama · first_building Stable |
| 26:00 | Čiko · first_building Barracks |
| 26:06 | postavič · first_building Castle |
| 26:08 | NoobProElite · first_building Stable |
| 26:31 | postavič · first_building Barracks |
| 26:35 | Čiko · first_building Stable |
| 26:49 | TestofOne · first_building Barracks |
| 27:12 | TestofOne · age_up imperial |
| 27:21 | Čiko · first_building Castle |
| 27:22 | EasyGame · first_building Castle |
| 27:40 | postavič · first_building Stable |
| 27:54 | postavič · tribute_sent a jugador 1 |
| 27:54 | postavič · tribute_sent a jugador 2 |
| 27:54 | postavič · tribute_sent a jugador 3 |
| 27:54 | postavič · tribute_sent a jugador 4 |
| 27:54 | postavič · tribute_sent a jugador 5 |
| 27:54 | postavič · tribute_sent a jugador 7 |
| 27:54 | postavič · tribute_sent a jugador 8 |
| 28:19 | Čiko · age_up imperial |
| 28:36 | Noxx · first_building Monastery |
| 28:59 | postavič · age_up imperial |
| 29:20 | NoobProElite · age_up imperial |
| 29:24 | Dadagama · age_up imperial |
| 30:52 | EasyGame · first_building Barracks |
| 31:07 | Noxx · wall_segment Stone Wall x1 |
| 31:09 | Noxx · wall_segment Stone Wall x1 |
| 31:13 | Noxx · wall_segment Stone Wall x1 |
| 32:30 | Noxx · first_building Barracks |
| 32:58 | Noxx · age_up imperial |
| 33:19 | Noxx · first_building Castle |
| 33:38 | EasyGame · age_up imperial |
| 34:58 | NoobProElite · tribute_sent a jugador 2 |
| 34:58 | NoobProElite · tribute_sent a jugador 3 |
| 34:58 | NoobProElite · tribute_sent a jugador 4 |
| 34:58 | NoobProElite · tribute_sent a jugador 5 |
| 34:58 | NoobProElite · tribute_sent a jugador 6 |
| 34:58 | NoobProElite · tribute_sent a jugador 7 |
| 34:58 | NoobProElite · tribute_sent a jugador 8 |
| 35:08 | EasyGame · first_building Siege Workshop |
| 35:26 | TestofOne · first_building Monastery |
| 35:38 | postavič · tribute_sent a jugador 1 |
| 35:38 | postavič · tribute_sent a jugador 2 |
| 35:38 | postavič · tribute_sent a jugador 3 |
| 35:38 | postavič · tribute_sent a jugador 4 |
| 35:38 | postavič · tribute_sent a jugador 5 |
| 35:38 | postavič · tribute_sent a jugador 7 |
| 35:38 | postavič · tribute_sent a jugador 8 |
| 35:54 | alesh · first_building Barracks |
| 35:55 | Čiko · tribute_sent a jugador 1 |
| 35:55 | Čiko · tribute_sent a jugador 2 |
| 35:55 | Čiko · tribute_sent a jugador 3 |
| 35:55 | Čiko · tribute_sent a jugador 4 |
| 35:55 | Čiko · tribute_sent a jugador 5 |
| 35:55 | Čiko · tribute_sent a jugador 6 |
| 35:55 | Čiko · tribute_sent a jugador 7 |
| 35:59 | TestofOne · first_building Archery Range |
| 36:07 | TestofOne · wall_segment Stone Wall x3 |
| 39:44 | postavič · tribute_sent a jugador 1 |
| 39:44 | postavič · tribute_sent a jugador 2 |
| 39:44 | postavič · tribute_sent a jugador 3 |
| 39:44 | postavič · tribute_sent a jugador 4 |
| 39:44 | postavič · tribute_sent a jugador 5 |
| 39:44 | postavič · tribute_sent a jugador 7 |
| 39:44 | postavič · tribute_sent a jugador 8 |
| 40:39 | Čiko · first_building Archery Range |
| 42:41 | NoobProElite · tribute_sent a jugador 2 |
| 42:41 | NoobProElite · tribute_sent a jugador 3 |
| 42:41 | NoobProElite · tribute_sent a jugador 4 |
| 42:41 | NoobProElite · tribute_sent a jugador 5 |
| 42:41 | NoobProElite · tribute_sent a jugador 6 |
| 42:41 | NoobProElite · tribute_sent a jugador 7 |
| 42:41 | NoobProElite · tribute_sent a jugador 8 |
| 43:39 | alesh · tribute_sent a jugador 1 |
| 43:39 | alesh · tribute_sent a jugador 2 |
| 43:39 | alesh · tribute_sent a jugador 3 |
| 43:39 | alesh · tribute_sent a jugador 5 |
| 43:39 | alesh · tribute_sent a jugador 6 |
| 43:39 | alesh · tribute_sent a jugador 7 |
| 43:39 | alesh · tribute_sent a jugador 8 |
| 43:40 | postavič · tribute_sent a jugador 1 |
| 43:40 | postavič · tribute_sent a jugador 2 |
| 43:40 | postavič · tribute_sent a jugador 3 |
| 43:40 | postavič · tribute_sent a jugador 4 |
| 43:40 | postavič · tribute_sent a jugador 5 |
| 43:40 | postavič · tribute_sent a jugador 7 |
| 43:40 | postavič · tribute_sent a jugador 8 |
| 45:11 | TestofOne · wall_segment Stone Wall x1 |
| 48:21 | postavič · tribute_sent a jugador 1 |
| 48:21 | postavič · tribute_sent a jugador 2 |
| 48:21 | postavič · tribute_sent a jugador 3 |
| 48:21 | postavič · tribute_sent a jugador 4 |
| 48:21 | postavič · tribute_sent a jugador 5 |
| 48:21 | postavič · tribute_sent a jugador 7 |
| 48:21 | postavič · tribute_sent a jugador 8 |
| 48:38 | postavič · tribute_sent a jugador 1 |
| 48:38 | postavič · tribute_sent a jugador 2 |
| 48:38 | postavič · tribute_sent a jugador 3 |
| 48:38 | postavič · tribute_sent a jugador 4 |
| 48:38 | postavič · tribute_sent a jugador 5 |
| 48:38 | postavič · tribute_sent a jugador 7 |
| 48:38 | postavič · tribute_sent a jugador 8 |
| 50:23 | postavič · tribute_sent a jugador 1 |
| 50:23 | postavič · tribute_sent a jugador 2 |
| 50:23 | postavič · tribute_sent a jugador 3 |
| 50:23 | postavič · tribute_sent a jugador 4 |
| 50:23 | postavič · tribute_sent a jugador 5 |
| 50:23 | postavič · tribute_sent a jugador 7 |
| 50:23 | postavič · tribute_sent a jugador 8 |
| 53:23 | alesh · first_building Stable |
| 55:37 | postavič · tribute_sent a jugador 1 |
| 55:37 | postavič · tribute_sent a jugador 2 |
| 55:37 | postavič · tribute_sent a jugador 3 |
| 55:37 | postavič · tribute_sent a jugador 4 |
| 55:37 | postavič · tribute_sent a jugador 5 |
| 55:37 | postavič · tribute_sent a jugador 7 |
| 55:37 | postavič · tribute_sent a jugador 8 |
| 55:44 | Čiko · wall_segment Stone Wall x4 |
| 55:53 | alesh · tribute_sent a jugador 1 |
| 55:53 | alesh · tribute_sent a jugador 2 |
| 55:53 | alesh · tribute_sent a jugador 3 |
| 55:53 | alesh · tribute_sent a jugador 5 |
| 55:53 | alesh · tribute_sent a jugador 6 |
| 55:53 | alesh · tribute_sent a jugador 7 |
| 55:53 | alesh · tribute_sent a jugador 8 |
| 56:09 | Čiko · wall_segment Stone Wall x1 |
| 56:36 | Čiko · wall_segment Stone Wall x2 |
| 57:31 | Dadagama · first_market_sell 500 wood |
| 58:57 | postavič · first_building Archery Range |
| 65:42 | postavič · tribute_sent a jugador 1 |
| 65:42 | postavič · tribute_sent a jugador 2 |
| 65:42 | postavič · tribute_sent a jugador 3 |
| 65:42 | postavič · tribute_sent a jugador 4 |
| 65:42 | postavič · tribute_sent a jugador 5 |
| 65:42 | postavič · tribute_sent a jugador 7 |
| 65:42 | postavič · tribute_sent a jugador 8 |
| 71:00 | NoobProElite · first_building Archery Range |
| 71:11 | Čiko · wall_segment Stone Wall x1 |
| 71:15 | Čiko · wall_segment Stone Wall x1 |
| 71:15 | Čiko · wall_segment Stone Wall x1 |
| 71:29 | Čiko · wall_segment Stone Wall x4 |
| 71:38 | Čiko · wall_segment Stone Wall x1 |
| 73:52 | EasyGame · tribute_sent a jugador 1 |
| 73:52 | EasyGame · tribute_sent a jugador 2 |
| 73:52 | EasyGame · tribute_sent a jugador 3 |
| 73:52 | EasyGame · tribute_sent a jugador 4 |
| 73:52 | EasyGame · tribute_sent a jugador 5 |
| 73:52 | EasyGame · tribute_sent a jugador 6 |
| 73:52 | EasyGame · tribute_sent a jugador 8 |
| 74:15 | NoobProElite · first_building Siege Workshop |
| 75:04 | Noxx · first_building Stable |
| 76:22 | alesh · wall_segment Stone Wall x1 |
| 76:24 | alesh · wall_segment Stone Wall x1 |
| 78:42 | Dadagama · tribute_sent a jugador 1 |
| 78:42 | Dadagama · tribute_sent a jugador 2 |
| 78:42 | Dadagama · tribute_sent a jugador 3 |
| 78:42 | Dadagama · tribute_sent a jugador 4 |
| 78:42 | Dadagama · tribute_sent a jugador 6 |
| 78:42 | Dadagama · tribute_sent a jugador 7 |
| 78:42 | Dadagama · tribute_sent a jugador 8 |
| 78:46 | TestofOne · tribute_sent a jugador 1 |
| 78:46 | TestofOne · tribute_sent a jugador 2 |
| 78:46 | TestofOne · tribute_sent a jugador 4 |
| 78:46 | TestofOne · tribute_sent a jugador 5 |
| 78:46 | TestofOne · tribute_sent a jugador 6 |
| 78:46 | TestofOne · tribute_sent a jugador 7 |
| 78:46 | TestofOne · tribute_sent a jugador 8 |
| 78:52 | NoobProElite · tribute_sent a jugador 2 |
| 78:52 | NoobProElite · tribute_sent a jugador 3 |
| 78:52 | NoobProElite · tribute_sent a jugador 4 |
| 78:52 | NoobProElite · tribute_sent a jugador 5 |
| 78:52 | NoobProElite · tribute_sent a jugador 6 |
| 78:52 | NoobProElite · tribute_sent a jugador 7 |
| 78:52 | NoobProElite · tribute_sent a jugador 8 |
| 84:55 | NoobProElite · tribute_sent a jugador 2 |
| 84:55 | NoobProElite · tribute_sent a jugador 3 |
| 84:55 | NoobProElite · tribute_sent a jugador 4 |
| 84:55 | NoobProElite · tribute_sent a jugador 5 |
| 84:55 | NoobProElite · tribute_sent a jugador 6 |
| 84:55 | NoobProElite · tribute_sent a jugador 7 |
| 84:55 | NoobProElite · tribute_sent a jugador 8 |
| 84:56 | EasyGame · tribute_sent a jugador 1 |
| 84:56 | EasyGame · tribute_sent a jugador 2 |
| 84:56 | EasyGame · tribute_sent a jugador 3 |
| 84:56 | EasyGame · tribute_sent a jugador 4 |
| 84:56 | EasyGame · tribute_sent a jugador 5 |
| 84:56 | EasyGame · tribute_sent a jugador 6 |
| 84:56 | EasyGame · tribute_sent a jugador 8 |
| 84:57 | Dadagama · tribute_sent a jugador 1 |
| 84:57 | Dadagama · tribute_sent a jugador 2 |
| 84:57 | Dadagama · tribute_sent a jugador 3 |
| 84:57 | Dadagama · tribute_sent a jugador 4 |
| 84:57 | Dadagama · tribute_sent a jugador 6 |
| 84:57 | Dadagama · tribute_sent a jugador 7 |
| 84:57 | Dadagama · tribute_sent a jugador 8 |
| 86:03 | Čiko · tribute_sent a jugador 1 |
| 86:03 | Čiko · tribute_sent a jugador 2 |
| 86:03 | Čiko · tribute_sent a jugador 3 |
| 86:03 | Čiko · tribute_sent a jugador 4 |
| 86:03 | Čiko · tribute_sent a jugador 5 |
| 86:03 | Čiko · tribute_sent a jugador 6 |
| 86:03 | Čiko · tribute_sent a jugador 7 |
| 86:05 | Dadagama · tribute_sent a jugador 1 |
| 86:05 | Dadagama · tribute_sent a jugador 2 |
| 86:05 | Dadagama · tribute_sent a jugador 3 |
| 86:05 | Dadagama · tribute_sent a jugador 4 |
| 86:05 | Dadagama · tribute_sent a jugador 6 |
| 86:05 | Dadagama · tribute_sent a jugador 7 |
| 86:05 | Dadagama · tribute_sent a jugador 8 |
| 87:08 | Dadagama · tribute_sent a jugador 1 |
| 87:08 | Dadagama · tribute_sent a jugador 2 |
| 87:08 | Dadagama · tribute_sent a jugador 3 |
| 87:08 | Dadagama · tribute_sent a jugador 4 |
| 87:08 | Dadagama · tribute_sent a jugador 6 |
| 87:08 | Dadagama · tribute_sent a jugador 7 |
| 87:08 | Dadagama · tribute_sent a jugador 8 |
| 88:26 | EasyGame · first_building Stable |
| 88:44 | Čiko · tribute_sent a jugador 1 |
| 88:44 | Čiko · tribute_sent a jugador 2 |
| 88:44 | Čiko · tribute_sent a jugador 3 |
| 88:44 | Čiko · tribute_sent a jugador 4 |
| 88:44 | Čiko · tribute_sent a jugador 5 |
| 88:44 | Čiko · tribute_sent a jugador 6 |
| 88:44 | Čiko · tribute_sent a jugador 7 |
| 88:54 | NoobProElite · tribute_sent a jugador 2 |
| 88:54 | NoobProElite · tribute_sent a jugador 3 |
| 88:54 | NoobProElite · tribute_sent a jugador 4 |
| 88:54 | NoobProElite · tribute_sent a jugador 5 |
| 88:54 | NoobProElite · tribute_sent a jugador 6 |
| 88:54 | NoobProElite · tribute_sent a jugador 7 |
| 88:54 | NoobProElite · tribute_sent a jugador 8 |
| 89:21 | Dadagama · tribute_sent a jugador 1 |
| 89:21 | Dadagama · tribute_sent a jugador 2 |
| 89:21 | Dadagama · tribute_sent a jugador 3 |
| 89:21 | Dadagama · tribute_sent a jugador 4 |
| 89:21 | Dadagama · tribute_sent a jugador 6 |
| 89:21 | Dadagama · tribute_sent a jugador 7 |
| 89:21 | Dadagama · tribute_sent a jugador 8 |
| 90:48 | NoobProElite · wall_segment Stone Wall x17 |
| 92:41 | Čiko · tribute_sent a jugador 1 |
| 92:41 | Čiko · tribute_sent a jugador 2 |
| 92:41 | Čiko · tribute_sent a jugador 3 |
| 92:41 | Čiko · tribute_sent a jugador 4 |
| 92:41 | Čiko · tribute_sent a jugador 5 |
| 92:41 | Čiko · tribute_sent a jugador 6 |
| 92:41 | Čiko · tribute_sent a jugador 7 |
| 93:14 | Dadagama · tribute_sent a jugador 1 |
| 93:14 | Dadagama · tribute_sent a jugador 2 |
| 93:14 | Dadagama · tribute_sent a jugador 3 |
| 93:14 | Dadagama · tribute_sent a jugador 4 |
| 93:14 | Dadagama · tribute_sent a jugador 6 |
| 93:14 | Dadagama · tribute_sent a jugador 7 |
| 93:14 | Dadagama · tribute_sent a jugador 8 |
| 93:25 | Čiko · first_building Siege Workshop |
| 93:40 | alesh · tribute_sent a jugador 1 |
| 93:40 | alesh · tribute_sent a jugador 2 |
| 93:40 | alesh · tribute_sent a jugador 3 |
| 93:40 | alesh · tribute_sent a jugador 5 |
| 93:41 | alesh · tribute_sent a jugador 6 |
| 93:41 | alesh · tribute_sent a jugador 7 |
| 93:41 | alesh · tribute_sent a jugador 8 |
| 94:01 | Čiko · tribute_sent a jugador 1 |
| 94:01 | Čiko · tribute_sent a jugador 2 |
| 94:01 | Čiko · tribute_sent a jugador 3 |
| 94:01 | Čiko · tribute_sent a jugador 4 |
| 94:01 | Čiko · tribute_sent a jugador 5 |
| 94:01 | Čiko · tribute_sent a jugador 6 |
| 94:01 | Čiko · tribute_sent a jugador 7 |
| 94:05 | Čiko · tribute_sent a jugador 1 |
| 94:05 | Čiko · tribute_sent a jugador 2 |
| 94:05 | Čiko · tribute_sent a jugador 3 |
| 94:05 | Čiko · tribute_sent a jugador 4 |
| 94:05 | Čiko · tribute_sent a jugador 5 |
| 94:05 | Čiko · tribute_sent a jugador 6 |
| 94:05 | Čiko · tribute_sent a jugador 7 |
| 94:42 | NoobProElite · tribute_sent a jugador 2 |
| 94:42 | NoobProElite · tribute_sent a jugador 3 |
| 94:42 | NoobProElite · tribute_sent a jugador 4 |
| 94:42 | NoobProElite · tribute_sent a jugador 5 |
| 94:42 | NoobProElite · tribute_sent a jugador 6 |
| 94:42 | NoobProElite · tribute_sent a jugador 7 |
| 94:42 | NoobProElite · tribute_sent a jugador 8 |
| 96:00 | Čiko · tribute_sent a jugador 1 |
| 96:00 | Čiko · tribute_sent a jugador 2 |
| 96:00 | Čiko · tribute_sent a jugador 3 |
| 96:00 | Čiko · tribute_sent a jugador 4 |
| 96:00 | Čiko · tribute_sent a jugador 5 |
| 96:00 | Čiko · tribute_sent a jugador 6 |
| 96:00 | Čiko · tribute_sent a jugador 7 |
| 102:52 | Noxx · tribute_sent a jugador 1 |
| 102:52 | Noxx · tribute_sent a jugador 3 |
| 102:52 | Noxx · tribute_sent a jugador 4 |
| 102:52 | Noxx · tribute_sent a jugador 5 |
| 102:52 | Noxx · tribute_sent a jugador 6 |
| 102:52 | Noxx · tribute_sent a jugador 7 |
| 102:52 | Noxx · tribute_sent a jugador 8 |
| 102:52 | Čiko · tribute_sent a jugador 1 |
| 102:52 | Čiko · tribute_sent a jugador 2 |
| 102:52 | Čiko · tribute_sent a jugador 3 |
| 102:52 | Čiko · tribute_sent a jugador 4 |
| 102:53 | Čiko · tribute_sent a jugador 5 |
| 102:53 | Čiko · tribute_sent a jugador 6 |
| 102:53 | Čiko · tribute_sent a jugador 7 |
| 103:59 | alesh · wall_segment Stone Wall x1 |
| 104:44 | postavič · first_market_buy 100 stone |
| 107:15 | postavič · wall_segment Stone Wall x8 |
| 107:28 | postavič · wall_segment Stone Wall x21 |
| 107:34 | postavič · wall_segment Stone Wall x10 |
| 110:05 | postavič · wall_segment Stone Wall x6 |
| 110:09 | postavič · wall_segment Stone Wall x8 |
| 110:32 | postavič · tribute_sent a jugador 1 |
| 110:32 | postavič · tribute_sent a jugador 2 |
| 110:32 | postavič · tribute_sent a jugador 3 |
| 110:32 | postavič · tribute_sent a jugador 4 |
| 110:32 | postavič · tribute_sent a jugador 5 |
| 110:32 | postavič · tribute_sent a jugador 7 |
| 110:32 | postavič · tribute_sent a jugador 8 |
| 110:34 | Noxx · tribute_sent a jugador 1 |
| 110:34 | Noxx · tribute_sent a jugador 3 |
| 110:34 | Noxx · tribute_sent a jugador 4 |
| 110:34 | Noxx · tribute_sent a jugador 5 |
| 110:34 | Noxx · tribute_sent a jugador 6 |
| 110:34 | Noxx · tribute_sent a jugador 7 |
| 110:34 | Noxx · tribute_sent a jugador 8 |
| 111:06 | postavič · wall_segment Stone Wall x1 |
| 111:30 | postavič · wall_segment Stone Wall x1 |
| 112:40 | Dadagama · tribute_sent a jugador 1 |
| 112:40 | Dadagama · tribute_sent a jugador 2 |
| 112:40 | Dadagama · tribute_sent a jugador 3 |
| 112:40 | Dadagama · tribute_sent a jugador 4 |
| 112:40 | Dadagama · tribute_sent a jugador 6 |
| 112:40 | Dadagama · tribute_sent a jugador 7 |
| 112:40 | Dadagama · tribute_sent a jugador 8 |
| 113:02 | Dadagama · tribute_sent a jugador 1 |
| 113:02 | Dadagama · tribute_sent a jugador 2 |
| 113:02 | Dadagama · tribute_sent a jugador 3 |
| 113:02 | Dadagama · tribute_sent a jugador 4 |
| 113:02 | Dadagama · tribute_sent a jugador 6 |
| 113:02 | Dadagama · tribute_sent a jugador 7 |
| 113:02 | Dadagama · tribute_sent a jugador 8 |
| 113:54 | Dadagama · tribute_sent a jugador 1 |
| 113:54 | Dadagama · tribute_sent a jugador 2 |
| 113:54 | Dadagama · tribute_sent a jugador 3 |
| 113:54 | Dadagama · tribute_sent a jugador 4 |
| 113:54 | Dadagama · tribute_sent a jugador 6 |
| 113:54 | Dadagama · tribute_sent a jugador 7 |
| 113:54 | Dadagama · tribute_sent a jugador 8 |
| 114:30 | Dadagama · tribute_sent a jugador 1 |
| 114:30 | Dadagama · tribute_sent a jugador 2 |
| 114:30 | Dadagama · tribute_sent a jugador 3 |
| 114:30 | Dadagama · tribute_sent a jugador 4 |
| 114:30 | Dadagama · tribute_sent a jugador 6 |
| 114:30 | Dadagama · tribute_sent a jugador 7 |
| 114:30 | Dadagama · tribute_sent a jugador 8 |
| 114:45 | EasyGame · resign |
[ AI ANALYSIS · 1 CREDIT ]
What really happened in this match?
Wolo.gg analyzes every decision: build order, eco, micro, common mistakes by bracket. Personalized analysis on WhatsApp or Discord in 30 seconds.
Civ guide
Franks
Map guide
Arena
Perfil
NoobProElite